 Dungeon Crawl Stone Soup version 0.20-a0-1126-g0f15420 (webtiles) character file.

4208 HAL9000 the Carver (level 10, 0/53 HPs)
             Began as a Gargoyle Gladiator on May 17, 2017.
             Was a Follower of Uskayaw.
             Slain by a two-headed ogre
             ... wielding a cursed -2 giant club
              (6 damage)
             ... on level 8 of the Dungeon.
             The game lasted 00:20:00 (9732 turns).

HAL9000 the Carver (Gargoyle Gladiator)             Turns: 9732, Time: 00:20:01

Health: 0/53       AC: 20    Str: 20    XL:     10   Next: 29%
Magic:  10/10      EV:  6    Int:  9    God:    Uskayaw [*.....]
Gold:   222        SH:  0    Dex: 12    Spells: 7/9 levels left

rFire    . . .     SeeInvis .   a - +0 long sword
rCold    + . .     Gourm    .   (no shield)
rNeg     + + .     Faith    .   y - +0 plate armour
rPois    ∞         Spirit   .   n - +0 helmet
rElec    +         Reflect  .   O - +0 cloak (curse)
rCorr    .         Harm     .   M - +0 pair of gloves
MR       .....                  (no boots)
Stlth    ..........             (no amulet)
Regen    0.2/turn               m - ring of positive energy
MPRegen  0.2/turn               J - ring of protection from cold

@: no status effects
A: negative energy resistance 1, electricity resistance, unbreathing,
petrification resistance, rot immunity, AC +7
a: Stomp, Renounce Religion


You were on level 8 of the Dungeon.
You worshipped Uskayaw.
Uskayaw was noncommittal.
You were not hungry.

You visited 2 branches of the dungeon, and saw 10 of its levels.
You also visited: Sewer.

You collected 222 gold pieces.

Inventory:

Hand Weapons
 a - a +0 long sword (weapon)
Missiles
 h - 5 javelins of penetration (quivered)
 W - 2 poisoned tomahawks
 X - 5 tomahawks
Armour
 n - a +0 helmet (worn)
 y - a +0 plate armour (worn)
 M - a +0 pair of gloves (worn)
 O - a cursed +0 cloak (worn)
Jewellery
 m - a ring of positive energy (left hand)
 I - an uncursed ring of wizardry
 J - a ring of protection from cold (right hand)
Wands
 P - a wand of random effects (16/48)
 Q - a wand of iceblast (8/15)
 R - a wand of lightning (6/15)
Scrolls
 g - a scroll of identify
 i - 4 scrolls of amnesia
 j - a scroll of enchant weapon {unknown}
 k - 2 scrolls of recharging
 r - a scroll of immolation {unknown}
 s - 3 scrolls of blinking {unknown}
 v - 4 scrolls of teleportation {unknown}
 z - a scroll of fog {unknown}
 C - 7 scrolls of remove curse {unknown}
 K - a scroll of magic mapping {unknown}
 N - a scroll of vulnerability {unknown}
Potions
 l - 4 potions of flight
 o - 4 potions of haste
 E - 3 potions of cancellation
 F - a potion of brilliance
 H - 3 potions of curing
 V - a potion of invisibility
Books
 w - a book of Misfortune

   Spells                             Type                      Level
   a - Confusing Touch                Hexes                        1
   b - Confuse                        Hexes                        3
   c - Gell's Gravitas                Translocation                3
   d - Petrify                        Transmutation/Earth          4
   e - Metabolic Englaciation         Hexes/Ice                    5
   f - Yara's Violent Unravelling     Hexes/Transmutation          5
 U - a book of Minor Magic

   Spells                             Type                      Level
   a - Magic Dart                     Conjuration                  1
   b - Blink                          Translocation                2
   c - Call Imp                       Summoning                    2
   d - Slow                           Hexes                        2
   e - Conjure Flame                  Conjuration/Fire             3
   f - Mephitic Cloud                 Conjuration/Poison/Air       3
Comestibles
 f - 6 bread rations
 t - 6 meat rations
 B - a fruit
 Y - a royal jelly


   Skills:
 - Level 2.1 Fighting
 + Level 13.2 Long Blades
 - Level 1.7 Throwing
 - Level 2.4 Dodging


You had 7 spell levels left.
You knew the following spells:

 Your Spells              Type           Power        Failure   Level  Hunger
d - Blink                 Tloc           N/A          100%        2    ###....


Dungeon Overview and Level Annotations

Branches:
Dungeon (9/15)             Temple (1/1) D:6            Lair (0/6) D:8
    Orc: D:9-12

Altars:
Ashenzari
Cheibriados
Elyvilon
Fedhas
Gozag
Hepliaklqana
Kikubaaqudgha
Makhleb
Nemelex Xobeh
Okawaru
Qazlal
Ru
Sif Muna
Trog
Uskayaw
Vehumet
Wu Jian
Xom
Yredelemnul
Zin
The Shining One

Shops:
D:8 =


Innate Abilities, Weirdness & Mutations

You are resistant to torment.
Your stone body is resilient. (AC +7)
You are immune to poison.
You resist negative energy. (rN+)
You are resistant to electric shocks. (rElec)
You can survive without breathing.
You are immune to petrification.
You are immune to rotting.


Message History

Evoke which item? (* to show all) (? for menu, Esc to quit)
Aiming: Random Effects (will waste charges)
Press: ? - help, Shift-Dir - straight line, f/p - two-headed ogre
Aim: a two-headed ogre, wielding two giant clubs (lightly wounded, fast)
The two-headed ogre seems to slow down.
Evoking this partially-identified wand wasted a few charges.
The shadow imp puffs mist at you. The two-headed ogre closely misses you.
The two-headed ogre hits you with a giant club!
* * * LOW HITPOINT WARNING * * *
Unknown command.
You slash the two-headed ogre!
The two-headed ogre is moderately wounded.
You hit the two-headed ogre but do no damage.
The two-headed ogre is moderately wounded.
The adder skeleton bites you but does no damage.
The two-headed ogre hits you with a giant club.
* * * LOW HITPOINT WARNING * * *
The two-headed ogre hits you with a giant club.
You die...

#.#.##### #.# #.#.....#
#.#.....#
..#####.#.###.#####.#.....#
........#'###....##.#.....#
..#####.....#....# .#.....#
#.....#....##.#.....#
#.....#.......#.(...#
###.####..Z####.....### #.#
#..@O5........'..
#.###.#######.....## ##.....#
#...........
#########......####.##########
........'....5....<........
#########......####!########
..# #......# #.........# #.#
#......# #.........# #.#
#......# #.........#


You could see a two-headed ogre, a shadow imp and an adder skeleton.

Vanquished Creatures
  2 two-headed ogres (D:8)
  Eustachio (D:4)
  Grum (D:8)
  A water moccasin (D:5)
  Duvessa (D:6)
  An orc warrior (D:8)
  2 ice beasts
  2 sky beasts
  An ogre (D:7)
  3 wolves (D:8)
  3 centaurs
  2 bullfrogs (D:6)
  A big kobold (Sewer)
  Dowan (D:6)
  A wyvern skeleton (D:6)
  2 scorpions (D:5)
  2 killer bees (D:7)
  A howler monkey (D:5)
  A crimson imp (D:5)
  9 orc wizards
  3 orc priests
  4 hounds
  Jessica (D:3)
  Terence (D:3)
  3 iguanas
  3 worker ants
  A hound skeleton (D:6)
  2 hound zombies
  A mummy (D:7)
  A worker ant zombie (D:7)
  Robin (D:2)
  6 adders
  4 gnolls (D:3)
  A shadow imp (D:5)
  An adder zombie (D:6)
  An adder skeleton (D:4)
  2 worms
  A dart slug (D:2)
  4 leopard geckos
  18 orcs
  2 ball pythons
  5 bats
  4 giant cockroaches
  14 goblins
  15 hobgoblins
  8 jackals
  4 quokkas
  7 frilled lizards
  13 kobolds
  A quokka skeleton (D:6)
  12 rats
182 creatures vanquished.

Notes
Turn   | Place    | Note
-------+----------+-------------------------------------------
     0 | D:1      | HAL9000 the Gargoyle Gladiator began the quest for the Orb.
     0 | D:1      | Reached XP level 1. HP: 12/12 MP: 1/1
   149 | D:1      | Reached skill level 3 in Long Blades
   170 | D:1      | Reached XP level 2. HP: 17/17 MP: 2/2
   668 | D:2      | Reached XP level 3. HP: 14/21 MP: 3/3
   864 | D:2      | Noticed Robin
   873 | D:2      | Reached skill level 4 in Long Blades
   887 | D:2      | Killed Robin
  1044 | D:2      | Reached XP level 4. HP: 26/26 MP: 4/4
  1736 | D:2      | Found a shattered altar of Ashenzari.
  1827 | D:2      | Found a faded altar of an unknown god.
  1897 | D:3      | Noticed Terence
  1912 | D:3      | Killed Terence
  1912 | D:3      | Reached skill level 5 in Long Blades
  1912 | D:3      | Reached XP level 5. HP: 27/30 MP: 5/5
  1930 | D:3      | Noticed Jessica
  1937 | D:3      | Killed Jessica
  2204 | D:3      | Found a glowing golden altar of the Shining One.
  2682 | D:3      | Reached XP level 6. HP: 33/35 MP: 6/6
  2690 | D:3      | Reached skill level 6 in Long Blades
  3106 | D:4      | Noticed Eustachio
  3128 | D:4      | Killed Eustachio
  3519 | D:4      | Reached skill level 7 in Long Blades
  3519 | D:4      | Reached XP level 7. HP: 38/40 MP: 7/7
  3672 | D:4      | Found a glowing drain.
  3738 | D:4      | Found a burning altar of Makhleb.
  3738 | D:4      | Noticed a cacodemon
  3784 | Sewer    | Entered a sewer
  3963 | Sewer    | Found a white marble altar of Elyvilon.
  4355 | D:4      | Noticed an orange demon
  4355 | D:4      | Noticed a ynoxinul
  4550 | D:5      | Entered Level 5 of the Dungeon
  4570 | D:5      | Reached skill level 8 in Long Blades
  4853 | D:5      | Found a radiant altar of Vehumet.
  4854 | D:5      | Found a blossoming altar of Fedhas.
  4866 | D:5      | Found an opulent altar of Gozag.
  4866 | D:5      | Found a hazy altar of Hepliaklqana.
  4926 | D:5      | Found a shimmering altar of Xom.
  4950 | D:5      | Reached XP level 8. HP: 39/44 MP: 8/8
  5200 | D:5      | Reached skill level 9 in Long Blades
  5360 | D:5      | Found a glowing golden altar of the Shining One.
  5613 | D:6      | Noticed Duvessa
  5616 | D:6      | Noticed Dowan
  5668 | D:6      | Killed Duvessa
  5680 | D:6      | Killed Dowan
  5897 | D:6      | Found an ornate altar of the Wu Jian Council.
  6199 | D:6      | Found a staircase to the Ecumenical Temple.
  6224 | D:6      | Reached skill level 10 in Long Blades
  6272 | D:6      | Found a burning altar of Makhleb.
  6433 | Temple   | Entered the Ecumenical Temple
  6546 | Temple   | Became a worshipper of Uskayaw the Reveler
  6877 | D:6      | Reached * piety under Uskayaw
  6879 | D:6      | Reached XP level 9. HP: 48/48 MP: 9/9
  6879 | D:6      | Reached ** piety under Uskayaw
  7772 | D:7      | Found an ancient bone altar of Kikubaaqudgha.
  7807 | D:7      | Reached skill level 11 in Long Blades
  7936 | D:7      | Learned a level 2 spell: Blink
  8251 | D:7      | Found a snail-covered altar of Cheibriados.
  8396 | D:8      | Found Kanoiwas's Jewellery Boutique.
  8431 | D:8      | Noticed a two-headed ogre
  8960 | D:8      | Reached *** piety under Uskayaw
  8962 | D:8      | Killed a two-headed ogre
  8962 | D:8      | Reached skill level 12 in Long Blades
  9052 | D:8      | You fall through a shaft!
  9108 | D:8      | Found a staircase to the Lair.
  9118 | D:8      | Found a white marble altar of Elyvilon.
  9196 | D:8      | Noticed a two-headed ogre
  9199 | D:8      | Noticed Grum
  9209 | D:8      | Killed a two-headed ogre
  9209 | D:8      | Reached XP level 10. HP: 49/53 MP: 10/10
  9219 | D:8      | Reached **** piety under Uskayaw
  9228 | D:8      | Reached skill level 13 in Long Blades
  9266 | D:8      | Killed Grum
  9685 | D:8      | Noticed a two-headed ogre
  9732 | D:8      | Slain by a two-headed ogre

Vault maps used:
D:1:      shiori_arrival_oz
D:2:      lemuel_coloured_pillars_altar, chequers_ecumenical_altar_simple,
          uniq_robin
D:3:      overflow_temple_1_default, grunt_ministairs_2, uniq_jessica,
          uniq_terence
D:4:      makhleb_altar_promises_db, first_bread, portal_sewer_entry_e,
          uniq_eustachio
D:5:      grunt_temple_overflow_open, xom_teletrap_fun, tso_metal_star
D:6:      kennysheep_little_box, minmay_temple_entry_overgrown, basic_altar,
          uniq_duvessa
D:7:      slow_altar_2, overflow_temple_1_default
D:8:      old_standard_altar, grunt_dithmenos_smoke_and_mirrors,
          lair_entry_dummy, serial_shops, shop, the_bakery, serial_bayou_pond_e,
          uniq_grum
D:9:      orc_0_dummy
Temple:   nicolae_temple_figure_zero
Sewer:    sewer_kobolds

Skill      XL: |  1  2  3  4  5  6  7  8  9 10 |
---------------+-------------------------------+-----
Long Blades    | 3 4 5 7 8 10 12 13 | 13.2
Fighting       | |  2.1
Throwing       | |  1.7
Dodging        | |  2.4

Action                   |  1- 3 |  4- 6 |  7- 9 | 10-12 || total
-------------------------+-------+-------+-------+-------++-------
Melee: Long sword        |    93 |   182 |   617 |    52 ||   944
Throw: Javelin           |       |    10 |     2 |     3 ||    15
       Throwing net      |       |     5 |     3 |     1 ||     9
       Tomahawk          |       |       |       |     2 ||     2
Invok: Stomp             |       |       |     4 |     1 ||     5
       Line Pass         |       |       |       |     2 ||     2
Evoke: Wand              |       |       |       |     2 ||     2
  Use: Scroll            |       |     3 |     8 |       ||    11
       Potion            |       |       |     2 |     3 ||     5
 Stab: Held in net/web   |       |     1 |     3 |       ||     4
       Paralysed         |       |       |     3 |     3 ||     6
       Confused          |       |       |       |     1 ||     1
  Eat: Chunk             |     1 |     6 |    17 |     2 ||    26
       Royal jelly       |       |     1 |       |       ||     1
       Fruit             |       |       |     3 |       ||     3
Armor: Leather armour    |    47 |    29 |       |       ||    76
       Plate armour      |       |    50 |   436 |    29 ||   515
       Scale mail        |       |    18 |       |       ||    18
       Skin              |       |       |     5 |       ||     5
Dodge: Dodged            |    68 |   106 |   178 |    17 ||   369
       Rpst.: Long sword |    26 |    35 |    51 |     4 ||   116
